AoeStats
← atom.vac

Arabia

506890974Analyzed
1v1 RM · 17d ago on Sep 15, 2026· 60m 18s· 2 players
Game mode
Random Map
Map size
Tiny (2 player)
Population
200
Speed
Normal
Resources
Standard
Victory
Conquest
Starting age
Dark Age
Ending age
Imperial Age
RankedLock teamsTeams togetherTeam positionsShared explorationLock speedFull tech treeHidden civsTurbo modeCheats
Victory
Defeat
🇨🇳 Spanish · China
962
+15
🇨🇿 Bohemians · Czechia
951
-15
atom.vac
3:56 Loom
8:11 Loom
10:15 Feudal Age
14:08 Double-Bit Axe
14:06 Horse Collar
21:59 Castle Age
20:18 Fletching
22:15 Crossbowman
23:14 Padded Archer Armor
25:41 Bow Saw
27:13 Bodkin Arrow
29:36 Elite Skirmisher
32:27 Wheelbarrow
36:24 Hand Cart
40:15 Imperial Age
39:05 Ballistics
39:54 Pikeman
41:49 Chemistry
48:02 Bracer
48:18 Leather Archer Armor
48:40 Light Cavalry
49:59 Hand Cart
50:26 Ring Archer Armor
51:03 Two-Man Saw
56:46 Halberdier
59:15 Forging
严的老爹
6:03 Loom
14:39 Feudal Age
20:51 Castle Age
22:17 Double-Bit Axe
24:03 Bloodlines
24:23 Padded Archer Armor
26:38 Elite Skirmisher
30:29 Leather Archer Armor
31:17 Town Watch
32:07 Light Cavalry
32:59 Fletching
34:19 Gold Mining
34:57 Bow Saw
35:56 Bodkin Arrow
39:51 Imperial Age
39:01 Thumb Ring
39:29 Scale Barding Armor
39:34 Forging
39:28 Husbandry
41:07 Conscription
42:36 Chain Barding Armor
46:11 Bracer
46:42 Ring Archer Armor
46:48 Iron Casting
46:48 Plate Barding Armor
46:45 Hussar
49:32 Wheelbarrow
48:58 Town Patrol
52:11 Blast Furnace
51:12 Scale Mail Armor
52:33 Two-Man Saw
53:51 Ballistics
54:19 Hand Cart
56:32 Cavalier
58:25 Hoardings
57:12 Elite Conquistador
58:04 Masonry
57:43 Arrowslits
59:35 Supremacy
Connection lost

Rejoining the realm…

Still unreachable

The connection could not be restored.

Session expired

The server has moved on; the page needs a fresh start.